 Dungeon Crawl Stone Soup version 0.21-a0-405-gf2af9a1 (webtiles) character file.

4846 nikopol the Thaumaturge (level 10, -3/51 HPs)
             Began as a Deep Elf Fire Elementalist on Oct 28, 2017.
             Was a Priest of Sif Muna.
             Slain by an unseen horror (7 damage)
             ... on level 10 of the Dungeon on Nov 1, 2017.
             The game lasted 00:45:48 (9124 turns).

nikopol the Thaumaturge (DEFE)                      Turns: 9124, Time: 00:45:49

Health: -3/51      AC: 10    Str:  5    XL:     10   Next: 25%
Magic:  28/28      EV: 14    Int: 24    God:    Sif Muna [***...]
Gold:   428        SH:  0    Dex: 15    Spells: 19/33 levels left

rFire    . . .     SeeInvis .   x - +1 short sword (elec)
rCold    . . .     Gourm    .   (no shield)
rNeg     . . .     Faith    .   v - +2 robe
rPois    .         Spirit   .   f - +2 helmet
rElec    .         Reflect  .   (no cloak)
rCorr    .         Harm     .   (no gloves)
MR       ++...                  (no boots)
Stlth    +++.......             (no amulet)
HPRegen  0.17/turn              y - ring of protection from magic
MPRegen  0.21/turn              H - +3 ring of protection

@: no status effects
A: no striking features
a: Divine Energy, Channel Magic, Renounce Religion


You were on level 10 of the Dungeon.
You worshipped Sif Muna.
Sif Muna was most pleased with you.
You were not hungry.

You visited 1 branch of the dungeon, and saw 10 of its levels.

You collected 708 gold pieces.
You spent 280 gold pieces at shops.

Inventory:

Hand Weapons
 x - a +1 short sword of electrocution (weapon)
Armour
 f - a +2 helmet (worn)
 v - a +2 robe (worn)
Jewellery
 y - a ring of protection from magic (left hand)
 H - a +3 ring of protection (right hand)
 I - an uncursed ring of protection from magic
 V - an uncursed amulet of rage
Wands
 b - a wand of acid (3/15)
 m - a wand of iceblast (2/15)
 u - a wand of random effects (27/48)
 w - a wand of flame (16/48)
 J - a wand of polymorph (23/24)
 R - a wand of flame (23/48)
Scrolls
 e - 3 scrolls of enchant armour {unknown}
 h - 2 scrolls of recharging
 j - 5 scrolls of identify
 k - 4 scrolls of teleportation {unknown}
 r - 5 scrolls of remove curse {unknown}
 s - 3 scrolls of random uselessness {unknown}
 z - a scroll of amnesia {unknown}
 A - a scroll of fog {unknown}
 E - 2 scrolls of enchant weapon {unknown}
 G - 3 scrolls of magic mapping {unknown}
 L - a scroll of torment {unknown}
 O - a scroll of immolation {unknown}
 P - a scroll of brand weapon {unknown}
 T - 2 scrolls of fear {unknown}
Potions
 d - 5 potions of curing {unknown}
 i - 5 potions of cancellation {unknown}
 l - 3 potions of mutation {unknown}
 n - 2 potions of degeneration {unknown}
 o - 2 potions of might {unknown}
 q - 2 potions of magic {unknown}
 C - 6 potions of heal wounds {unknown}
 D - 2 potions of invisibility {unknown}
 F - 2 potions of lignification {unknown}
 K - a potion of berserk rage {unknown}
 M - 2 potions of agility {unknown}
 Q - a potion of brilliance {unknown}
Books
 U - a book of Minor Magic

   Spells                             Type                      Level
   a - Magic Dart                     Conjuration                  1
   b - Blink                          Translocation                2
   c - Call Imp                       Summoning                    2
   d - Slow                           Hexes                        2
   e - Conjure Flame                  Conjuration/Fire             3
   f - Mephitic Cloud                 Conjuration/Poison/Air       3
Comestibles
 a - 3 chunks of flesh
 c - 4 bread rations
 g - 16 royal jellies
 p - 4 meat rations
 t - 3 fruits


   Skills:
 + Level 0.4 Fighting
 + Level 4.0 Dodging
 + Level 4.2 Stealth
 + Level 12.1 Spellcasting
 + Level 9.0 Conjurations
 + Level 0.1 Translocations
 + Level 9.2 Fire Magic


You had 19 spell levels left.
You knew the following spells:

 Your Spells              Type           Power        Failure   Level  Hunger
a - Flame Tongue          Conj/Fire      #####        1%          1    None
b - Throw Flame           Conj/Fire      ######       1%          2    None
c - Conjure Flame         Conj/Fire      ######..     1%          3    None
d - Fireball              Conj/Fire      ######....   2%          5    ###....
e - Magic Dart            Conj           ####         1%          1    None
f - Blink                 Tloc           N/A          6%          2    None


Dungeon Overview and Level Annotations

Branches:
Dungeon (10/15)            Temple (0/1) D:7             Orc (0/2) D:9
   Lair: D:8-11

Altars:
Ashenzari
Cheibriados
Elyvilon
Fedhas
Gozag
Kikubaaqudgha
Nemelex Xobeh
Okawaru
Qazlal
Ru
Sif Muna
Uskayaw
Xom

Shops:
D:6 }   D:8 :


Message History

Something hits you but does no damage. Something hits you.
Something hits you but does no damage. x2
Something hits you! Something hits you but does no damage. Something hits you.
* * * LOW HITPOINT WARNING * * *
Something barely misses you. Something hits you but does no damage.
Something hits you.
* * * LOW HITPOINT WARNING * * *
You open the door. Something hits you but does no damage.
There is an open door here.
Something hits you but does no damage. Something hits you.
* * * LOW HITPOINT WARNING * * *
Something hits you but does no damage. Something hits you.
* * * LOW HITPOINT WARNING * * *
Something hits you!
You die...

#......# #........... #......#
#.(......... #......#
#.............
#......#####.#####.......###
#............#...#..........
#.......##'###...# .... ....
#.......+........###### #..#
#.......#..<........ #..#
#.......#..@........ #..#
#.......#........... #..#
#.......#........... #..#
#.......#........... #...
#.......####'#####.. #... #
#............u.>.########... #
#...............u...........
######..............J....(.......
.................####............


You could see a white ugly thing.

Vanquished Creatures
  A two-headed ogre (D:8)
  Pikel (D:5)
  A troll (D:10)
  Sigmund (D:3)
  A wyvern (D:8)
  2 humans (D:7)
  2 orc warriors
  3 necrophages
  A black bear (D:6)
  A centaur (D:6)
  5 ogres
  2 bullfrogs
  2 wyvern skeletons (D:9)
  5 scorpions
  9 killer bees (D:7)
  A howler monkey (D:8)
  A crimson imp (D:7)
  2 bullfrog zombies
  A quasit (D:9)
  4 jellies
  5 orc priests
  2 hounds
  An iguana (D:5)
  7 worker ants
  5 orc wizards
  A hound skeleton (D:6)
  8 adders
  A shadow imp (D:5)
  5 oozes (D:8)
  3 adder skeletons
  6 worms
  A dart slug (D:1)
  2 leopard geckos
  25 orcs
  12 bats
  8 giant cockroaches
  5 goblins
  4 hobgoblins
  5 jackals
  4 kobolds
  5 quokkas
  4 ball pythons
  4 frilled lizards
  5 rats
174 creatures vanquished.

Vanquished Creatures (others)
  A jelly (D:5)
  A giant cockroach (D:5)
  A quokka (D:5)
  A leopard gecko skeleton (D:5)
  2 fungi (D:6)
6 creatures vanquished.

Grand Total: 180 creatures vanquished

Notes
Turn   | Place    | Note
-------+----------+-------------------------------------------
     0 | D:1      | nikopol the Deep Elf Fire Elementalist began the quest for the Orb.
     0 | D:1      | Reached XP level 1. HP: 10/10 MP: 6/6
   230 | D:1      | Reached XP level 2. HP: 15/15 MP: 6/8
   567 | D:2      | Reached XP level 3. HP: 19/19 MP: 3/10
   571 | D:2      | Learned a level 2 spell: Throw Flame
   571 | D:2      | Upgraded the game from 0.21-a0-404-g291f19a to 0.21-a0-405-gf2af9a1
   753 | D:2      | Reached skill level 4 in Spellcasting
  1382 | D:2      | Learned a level 3 spell: Conjure Flame
  1588 | D:3      | Reached XP level 4. HP: 24/24 MP: 4/12
  1842 | D:3      | Found a sacrificial altar of Ru.
  1994 | D:3      | Found an ancient bone altar of Kikubaaqudgha.
  1995 | D:3      | Noticed Sigmund
  2022 | D:3      | Killed Sigmund
  2022 | D:3      | Reached skill level 5 in Spellcasting
  2022 | D:3      | Reached skill level 5 in Fire Magic
  2022 | D:3      | Reached XP level 5. HP: 21/28 MP: 0/14
  2060 | D:3      | Learned a level 5 spell: Fireball
  2165 | D:3      | Found a stormy altar of Qazlal.
  2580 | D:4      | Reached XP level 6. HP: 28/32 MP: 9/16
  3382 | D:5      | Entered Level 5 of the Dungeon
  3384 | D:5      | Reached skill level 6 in Spellcasting
  3509 | D:5      | Reached XP level 7. HP: 33/36 MP: 7/18
  3510 | D:5      | Noticed Pikel
  3553 | D:5      | Killed Pikel
  3553 | D:5      | Reached skill level 8 in Spellcasting
  3945 | D:5      | Found a snail-covered altar of Cheibriados.
  4006 | D:5      | Found a deep blue altar of Sif Muna.
  4009 | D:5      | Became a worshipper of Sif Muna the Loreminder
  4163 | D:6      | Reached XP level 8. HP: 41/41 MP: 1/22
  4706 | D:6      | Reached skill level 5 in Conjurations
  4848 | D:6      | Found Meurusm's Gadget Shop.
  4871 | D:6      | Found a shimmering altar of Xom.
  4911 | D:6      | Found an iron altar of Okawaru.
  4914 | D:6      | Found a white marble altar of Elyvilon.
  4937 | D:6      | Reached skill level 9 in Spellcasting
  4942 | D:6      | Reached * piety under Sif Muna
  5167 | D:6      | Found an opulent altar of Gozag.
  5168 | D:6      | Found a sparkling altar of Nemelex Xobeh.
  5831 | D:7      | Reached skill level 10 in Spellcasting
  5890 | D:7      | Reached XP level 9. HP: 42/45 MP: 7/25
  5922 | D:7      | Reached ** piety under Sif Muna
  6073 | D:7      | Found a hide-covered altar of Uskayaw.
  6291 | D:7      | Found an iron altar of Okawaru.
  6769 | D:7      | Found a staircase to the Ecumenical Temple.
  6850 | D:8      | Noticed a two-headed ogre
  6865 | D:8      | Killed a two-headed ogre
  6865 | D:8      | Reached skill level 11 in Spellcasting
  6966 | D:8      | Reached *** piety under Sif Muna
  7141 | D:8      | Found a shattered altar of Ashenzari.
  7298 | D:8      | Reached XP level 10. HP: 48/51 MP: 14/27
  7317 | D:8      | Found a blossoming altar of Fedhas.
  7346 | D:8      | Found Menaery's Book Emporium.
  7349 | D:8      | Bought a book of Minor Magic for 280 gold pieces
  7351 | D:8      | Learned a level 1 spell: Magic Dart
  7354 | D:8      | Learned a level 2 spell: Blink
  7932 | D:9      | Found a staircase to the Orcish Mines.
  8795 | D:9      | Reached skill level 12 in Spellcasting
  8899 | D:10     | Entered Level 10 of the Dungeon
  9094 | D:10     | Noticed a white ugly thing
  9124 | D:10     | Slain by an unseen horror

Vault maps used:
D:1:      dpeg_arrival_lava_temple_mockup
D:2:      first_bread
D:3:      hangedman_ru_absence, old_standard_altar, kiku_gazebo_pond_becter,
          uniq_sigmund
D:5:      lemuel_doored_altar, lemuel_blue_sif_altar, uniq_pikel
D:6:      old_forge, grunt_temple_overflow_opulence, grunt_temple_overflow_open,
          serial_shops, shop
D:7:      eat_drink_and_be_merry_uskayaw, temple_hall, okawaru_humans
D:8:      ashenzari_conservatory_becter, kennysheep_mini, serial_shops, shop,
          hangedman_little_slice_of_home
D:9:      orc_0_dummy, st_stairs_10
D:10:     minmay_lair_entry_grove, serial_shops, shop, small_statue_alley_b,
          minmay_ruined_shrine

Skill      XL: |  1  2  3  4  5  6  7  8  9 10 |
---------------+-------------------------------+-----
Spellcasting   | 4 5 6 8 10 11 12 | 12.1
Fire Magic     | 4 5 6 7 8 9 |  9.2
Stealth        | 3 4 |  4.2
Dodging        | 3 4 |  4.0
Conjurations   | 2 3 4 6 8 9 |  9.0
Fighting       | |  0.4
Translocations | |  0.1

Action                   |  1- 3 |  4- 6 |  7- 9 | 10-12 || total
-------------------------+-------+-------+-------+-------++-------
Melee: Short sword       |       |       |    10 |       ||    10
 Cast: Flame Tongue      |    73 |    93 |   199 |    80 ||   445
       Conjure Flame     |     1 |     1 |    14 |     6 ||    22
       Throw Flame       |       |     2 |    26 |    13 ||    41
       Fireball          |       |       |    10 |     3 ||    13
       Blink             |       |       |       |     4 ||     4
  Use: Scroll            |       |       |     1 |     1 ||     2
  Eat: Chunk             |     1 |     7 |     8 |     6 ||    22
       Meat ration       |       |       |     1 |       ||     1
Armor: Robe              |     3 |     4 |    19 |    13 ||    39
Dodge: Dodged            |    12 |    23 |    27 |    14 ||    76

Table legend:
 A = Spawn XP
 B = Non-spawn XP
 C = Spawn XP percentage of total XP
 D = Spawn monster count
 E = Non-spawn monster count
 F = Spawn count percentage of total count
 G = Total turns spent on level
                    A         B        C        D         E        F      G
               +---------+---------+-------+---------+---------+-------+---------
         Total |       0 |    6924 |   0.0 |       0 |     174 |   0.0 |  9124
               +---------+---------+-------+---------+---------+-------+---------
           D:1 |       0 |      25 |   0.0 |       0 |      14 |   0.0 |   553
           D:2 |       0 |      57 |   0.0 |       0 |      20 |   0.0 |   996
           D:3 |       0 |     269 |   0.0 |       0 |      18 |   0.0 |   939
           D:4 |       0 |     151 |   0.0 |       0 |      13 |   0.0 |   894
           D:5 |       0 |     888 |   0.0 |       0 |      11 |   0.0 |  1151
           D:6 |       0 |     869 |   0.0 |       0 |      26 |   0.0 |   965
           D:7 |       0 |    1658 |   0.0 |       0 |      27 |   0.0 |  1356
           D:8 |       0 |    2064 |   0.0 |       0 |      24 |   0.0 |  1068
           D:9 |       0 |     617 |   0.0 |       0 |      18 |   0.0 |   977
          D:10 |       0 |     326 |   0.0 |       0 |       3 |   0.0 |   225
               +---------+---------+-------+---------+---------+-------+---------
